 Dungeon Crawl Stone Soup version 0.31.0-12-g77e489cdc1 (webtiles) character file.

Game seed: 14448240631191279963

310 Gadfly the Magician (level 6, -3/52 HPs)
             Began as a Deep Elf Alchemist on Feb 23, 2024.
             Killed from afar by Ijyb (6 damage)
             ... with a puff of flame
             ... on level 3 of the Dungeon.
             The game lasted 00:05:47 (3136 turns).

Gadfly the Magician (Deep Elf Alchemist)            Turns: 3136, Time: 00:05:48

Health: -3/52      AC:  9    Str:  0 (3)  XL:     6   Next: 18%
Magic:  6/14       EV: 13    Int: 21 (22) God:
Gold:   91         SH:  0    Dex: 14 (15) Spells: 2/13 levels left

rFire   . . .        i - +0 spear (flame)
rCold   . . .        (no shield)
rNeg    + . .        a - +2 robe {rN+}
rPois   .            g - +0 helmet
rElec   .            f - +1 cloak
rCorr   .            j - +0 pair of gloves
SInv    .            p - +0 pair of boots
Will    .....        (no amulet) Stlth
                     (no ring)
HPRegen 0.00/turn    (no ring)
MPRegen 0.14/turn

%: no passive effects
@: berserking, inhibited regen, slowed, lost strength
A: weak 1
a: no special abilities


You were on level 3 of the Dungeon.
You visited 1 branch of the dungeon, and saw 3 of its levels.

You collected 190 gold pieces.
You spent 99 gold pieces at shops.

Inventory:

Hand Weapons
 i - a +0 spear of flaming (weapon)
Armour
 a - a +2 robe of positive energy (worn)
 f - a +1 cloak (worn)
 g - a +0 helmet (worn)
 j - a +0 pair of gloves (worn)
 p - a +0 pair of boots (worn)
Wands
 l - a wand of charming (6)
Scrolls
 e - a scroll of fear
 m - 2 scrolls of teleportation
 n - 2 scrolls of brand weapon
 r - a scroll of blinking
 s - a scroll of identify
Potions
 b - 2 potions of magic
 c - a potion of curing
 h - a potion of cancellation {unknown}
 q - a potion of haste {unknown}


   Skills:
 + Level 1.7 Fighting
 + Level 3.8 Dodging
 - Level 2.4 Stealth
 + Level 4.4 Spellcasting
 + Level 2.8 Conjurations
 + Level 1.0 Fire Magic
 + Level 4.2 Alchemy
 + Level 2.3 Evocations


You had 2 spell levels left.
You knew the following spells:

 Your Spells              Type           Power      Damage    Failure   Level
a - Sting                 Conj/Alch      76%        1d7       2%          1
b - Mercury Vapours       Alch/Air       26%        N/A       7%          2
c - Olgreb's Toxic Radia  Alch           22%        N/A       21%         4
d - Sticky Flame          Fire/Alch      15%        2d5       36%         4

Your spell library contained the following spells:

 Spells                   Type           Power      Damage    Failure   Level
 Mephitic Cloud           Conj/Alch/Air  14%        N/A       13%         3
 Stone Arrow              Conj/Erth      20%        3d8       19%         3
 Animate Armour           Summ/Erth      8%         N/A       75%         4
 Lehudib's Crystal Spear  Conj/Erth      5%         10d3      100%        8


Dungeon Overview and Level Annotations

Branches:
Dungeon (3/15)

Altars:

Shops:
D:2 *

Annotations:
D:3 Ijyb


Innate Abilities, Weirdness & Mutations

You are weak. (Str -2)


Message History

You barely miss Ijyb. Ijyb misses you. Ijyb hits you but does no damage.
You hit Ijyb. You burn Ijyb.
Ijyb is moderately wounded.
Ijyb zaps a wand.
The puff of flame hits you.
* * * LOW HITPOINT WARNING * * *
Unknown command.
Okay, then.
Ijyb zaps a wand.
The puff of flame hits you.
* * * LOW HITPOINT WARNING * * *
There is a large open door here.
You feel much better.
Okay, then.
It was a potion of mutation.
You feel extremely strange.
You feel weaker.
You have lost your strength.
Ijyb zaps a wand.
The puff of flame hits you. Ijyb hits you but does no damage.
Ijyb zaps a wand.
The puff of flame hits you!
You can move again.
It was a potion of berserk rage.
A red film seems to cover your vision as you go berserk!
You feel yourself moving faster!
You feel mighty!
Ijyb looks more healthy.
Ijyb zaps a wand.
The puff of flame hits you!
* * * LOW HITPOINT WARNING * * *
You closely miss Ijyb.
Ijyb is moderately wounded.
Ijyb is no longer weakened.
Ijyb zaps a wand.
The puff of flame hits you.
* * * LOW HITPOINT WARNING * * *
You barely miss Ijyb.
Ijyb is moderately wounded.
Ijyb hits you with a +2 dagger of speed.
* * * LOW HITPOINT WARNING * * *
Ijyb hits you but does no damage.
You barely miss Ijyb.
Ijyb is moderately wounded.
Ijyb hits you with a +2 dagger of speed.
* * * LOW HITPOINT WARNING * * *
You hit Ijyb. You burn Ijyb.
Ijyb is heavily wounded.
Ijyb hits you but does no damage.
Ijyb zaps a wand.
The puff of flame hits you.
You die...

#...#.....#...#..≈≈#
#...#.....#...#..≈≈#
#...#.....#...#..≈≈#
##'##.....##'##).≈≈#
#............#...≈≈#
#...........)#...≈≈#
#...##########...≈≈#
#...#).)....#####≈≈#
#...@g......+ ≈≈#
#...'.......#
#############


You could see Ijyb.

Vanquished Creatures
  Sigmund (D:2)
  A bombardier beetle (D:3)
  A sleepcap (D:3)
  3 adders
  2 ribbon worms (D:2)
  2 endoplasms
  4 giant cockroaches
  10 goblins
  6 hobgoblins
  3 jackals (D:3)
  A quokka (D:2)
  5 ball pythons
  4 bats
  3 frilled lizards
  2 kobolds
  7 rats
55 creatures vanquished.

Notes
Turn   | Place    | Note
-------+----------+-------------------------------------------
     0 | D:1      | Gadfly the Deep Elf Alchemist began the quest for the Orb.
     0 | D:1      | Reached XP level 1. HP: 10/10 MP: 6/6
   418 | D:1      | Reached XP level 2. HP: 15/15 MP: 4/8
   421 | D:1      | Learned a level 2 spell: Mercury Vapours
  1395 | D:2      | Reached XP level 3. HP: 13/20 MP: 1/9
  1503 | D:2      | Noticed Sigmund
  1512 | D:2      | Killed Sigmund
  1513 | D:2      | Reached skill level 1 in Fighting
  1513 | D:2      | Reached XP level 4. HP: 18/25 MP: 0/12
  1513 | D:2      | Reached XP level 5. HP: 21/29 MP: 0/13
  1627 | D:2      | Learned a level 4 spell: Olgreb's Toxic Radiance
  1632 | D:2      | Learned a level 4 spell: Sticky Flame
  1810 | D:2      | Found Tatzey's Assorted Antiques.
  1834 | D:2      | Bought a bubbling orange potion for 18 gold pieces
  1834 | D:2      | Bought a scroll labelled GEGYFFYXEH for 21 gold pieces
  1834 | D:2      | Bought a scroll labelled QIODAUPE RETI for 21 gold pieces
  1834 | D:2      | Bought a golden potion for 18 gold pieces
  2288 | D:2      | Bought a scroll labelled UFUOTZ RAILEHO for 21 gold pieces
  2789 | D:3      | Reached XP level 6. HP: 29/35 MP: 8/14
  3098 | D:3      | Reached skill level 1 in Fire Magic
  3113 | D:3      | Noticed Ijyb
  3130 | D:3      | Lost strength.
  3130 | D:3      | Gained mutation: You are weak. (Str -2) [potion of
                  | mutation]
  3136 | D:3      | Killed from afar by Ijyb

Illustrated notes

Levels and vault maps discovered:
D:1:      onia_arrival_mini_spirals, layout_loops_ring, serial_glass,
          glass_columns_b, glass_columns_c, feat_on_display,
          kennysheep_another_room, skrybe_limestone_x, minmay_misc_feat_alley,
          minmay_misc_feat_encased
D:2:      layout_basic, serial_shops, shop, uniq_sigmund
D:3:      kennysheep_goblin_castle, layout_loops_ring

Skill      XL: |  1  2  3  4  5  6 |
---------------+-------------------+-----
Fighting       | 1 |  1.7
Dodging        | 3 |  3.8
Spellcasting   | 4 |  4.4
Conjurations   | 2 |  2.8
Alchemy        | 4 |  4.2
Evocations     | 2 |  2.3
Fire Magic     | 1 |  1.0
Stealth        | |  2.4

Action                     |  1- 3 |  4- 6 || total
---------------------------+-------+-------++-------
  Melee: Dagger            |    12 |       ||    12
         Spear             |    21 |    56 ||    77
   Cast: Sting             |    44 |    59 ||   103
         Mercury Vapours   |     1 |     2 ||     3
    Use: Scroll            |     4 |     8 ||    12
         Potion            |       |     4 ||     4
   Stab: Sleeping          |     2 |     1 ||     3
 Armour: Robe              |    23 |    63 ||    86
  Dodge: Dodged            |    25 |    95 ||   120
